 Dungeon Crawl Stone Soup version 0.21.1-1-g345015f (webtiles) character file.

107 Spoonicorn the Skirmisher (level 4, -1/73 HPs)
             Began as an Ogre Berserker on Mar 12, 2018.
             Was a Believer of Trog.
             Slain by a gnoll
             ... wielding a +0 spear
              (5 damage)
             ... on level 3 of the Dungeon.
             The game lasted 00:05:10 (2237 turns).

Spoonicorn the Skirmisher (Ogre Berserker)          Turns: 2237, Time: 00:05:11

Health: -1/73      AC:  3    Str: 27    XL:     4   Next: 86%
Magic:  4/4        EV: 10    Int:  8    God:    Trog [**....]
Gold:   44         SH:  0    Dex:  8    Spells: 3/3 levels left

rFire    . . .     SeeInvis .   a - +0 mace
rCold    . . .     Gourm    .   (no shield)
rNeg     . . .     Faith    .   b - +0 animal skin
rPois    .         Spirit   .   (helmet restricted)
rElec    .         Reflect  .   (no cloak)
rCorr    .         Harm     .   (gloves unavailable)
MR       .....                  (boots unavailable)
Stlth    ..........             (no amulet)
HPRegen  0.22/turn              f - ring of flight
MPRegen  0.09/turn              (no ring)

@: berserking, very quick
A: large, unfitting armour, tough skin 1
a: Berserk, Trog's Hand, Burn Spellbooks, Renounce Religion, Evoke Flight


You were on level 3 of the Dungeon.
You worshipped Trog.
Trog was pleased with you.
You were very hungry.

You visited 1 branch of the dungeon, and saw 3 of its levels.

You collected 44 gold pieces.

Inventory:

Hand Weapons
 a - a +0 mace (weapon)
Armour
 b - a +0 animal skin (worn)
Jewellery
 f - a ring of flight (left hand)
Wands
 k - a wand of clouds (6)
Scrolls
 e - 2 scrolls of noise {unknown}
 h - 2 scrolls of identify {unknown}
 n - 2 scrolls of teleportation {unknown}
Potions
 d - 2 potions of cancellation {unknown}
 g - a potion of curing
 i - a potion of ambrosia {unknown}
 j - a potion of haste {unknown}
 l - 3 potions of resistance {unknown}
 m - a potion of might {unknown}
Comestibles
 c - 5 rations
 o - a chunk of flesh


   Skills:
 + Level 4.7 Fighting
 * Level 4.0 Maces & Flails
 + Level 3.3 Dodging
 + Level 0.4 Stealth


You had 3 spell levels left.
You didn't know any spells.

Dungeon Overview and Level Annotations

Branches:
Dungeon (3/15)

Altars:
Cheibriados
Qazlal


Innate Abilities, Weirdness & Mutations

You are too large for most types of armour.
You have tough skin. (AC +1)


Message History

The gnoll is almost dead.
The gnoll barely misses you.
You hit the gnoll but do no damage.
The gnoll is almost dead.
The gnoll hits you with a spear!
* * * LOW HITPOINT WARNING * * *
The gnoll hits you with a spear!
* * * LOW HITPOINT WARNING * * *
You closely miss the gnoll.
The gnoll is almost dead.
The gnoll hits you with a spear.
* * * LOW HITPOINT WARNING * * *
You completely miss the gnoll.
The gnoll is almost dead.
The gnoll closely misses you.
A red film seems to cover your vision as you go berserk!
You feel yourself moving faster!
You feel mighty!
You are feeling very hungry.
The gnoll hits you with a spear.
You die...

##.##.<...#
..........## ## # .
#./...#. .##.#
..##...##.###....
#.....#..#..#..####
#.###...)##...#...#
##..)รท........#
###.###.##..$#
#@.###.### #
#g#......(#
..###.##.#.# ###
#.###.#.# ... ... #
###. #... ## #...#
#.>.# ...#


You could see a gnoll.

Vanquished Creatures
  3 gnolls
  4 adders
  A worm (D:2)
  A dart slug (D:2)
  2 giant cockroaches (D:1)
  7 goblins
  5 hobgoblins
  4 jackals (D:1)
  A quokka (D:2)
  4 bats
  2 frilled lizards
  2 kobolds (D:2)
  4 rats
40 creatures vanquished.

Notes
Turn   | Place    | Note
-------+----------+-------------------------------------------
     0 | D:1      | Spoonicorn the Ogre Berserker began the quest for the Orb.
     0 | D:1      | Reached XP level 1. HP: 24/24 MP: 1/1
   108 | D:1      | Reached XP level 2. HP: 29/32 MP: 2/2
   650 | D:2      | Reached XP level 3. HP: 37/40 MP: 3/3
  1056 | D:2      | Reached ** piety under Trog
  1143 | D:2      | Found a stormy altar of Qazlal.
  1760 | D:2      | Found a snail-covered altar of Cheibriados.
  1766 | D:2      | Reached XP level 4. HP: 41/49 MP: 4/4
  2237 | D:3      | Slain by a gnoll

Skill      XL: |  1  2  3  4 |
---------------+-------------+-----
Maces & Flails | 3 4 |  4.0
Dodging        | 3 |  3.3
Fighting       | |  4.7
Stealth        | |  0.4

Action                   |  1- 3 |  4- 6 || total
-------------------------+-------+-------++-------
Melee: Mace              |   108 |    36 ||   144
Invok: Berserk           |       |     2 ||     2
  Use: Potion            |       |     2 ||     2
  Eat: Chunk             |     3 |     2 ||     5
Armor: Animal skin       |    37 |     9 ||    46
Dodge: Dodged            |    51 |    24 ||    75
